 Dungeon Crawl Stone Soup version 0.28-a0-909-g796cbd3a86 (webtiles) character file.

Game seed: 15587349167841995583

137 ytrimaz the Conjurer (level 4, 0/33 HPs)
             Began as a Demigod Conjurer on Nov 24, 2021.
             Slain by an orc (4 damage)
             ... on level 3 of the Dungeon.
             The game lasted 00:05:30 (3254 turns).

ytrimaz the Conjurer (Demigod Conjurer)             Turns: 3254, Time: 00:05:31

Health: 0/33       AC:  2    Str:  8    XL:     4   Next: 69%
Magic:  1/11       EV: 12    Int: 24    God:
Gold:   37         SH:  0    Dex: 12    Spells: 2/8 levels left

rFire   . . .      SeeInvis .   (no weapon)
rCold   . . .      Faith    .   (no shield)
rNeg    . . .      Spirit   .   a - +0 robe
rPois   .          Reflect  .   (no helmet)
rElec   .          Harm     .   (no cloak)
rCorr   .          Rampage  .   (no gloves)
Will    .....                   (no boots)
Stlth   +.........              b - amulet of the acrobat
HPRegen 0.11/turn               (no ring)
MPRegen 0.12/turn               (no ring)

@: confused
A: high mp 1, forlorn
a: no special abilities


You were on level 3 of the Dungeon.
You visited 1 branch of the dungeon, and saw 3 of its levels.

You collected 94 gold pieces.
You spent 57 gold pieces at shops.

Inventory:

Armour
 a - a +0 robe (worn)
Jewellery
 b - an amulet of the acrobat (around neck)
Scrolls
 c - a scroll of enchant weapon
 e - 2 scrolls of teleportation
Potions
 d - a potion of attraction
 f - a potion of heal wounds {unknown}


   Skills:
 + Level 2.1 Dodging
 + Level 2.0 Stealth
 + Level 2.8 Spellcasting
 + Level 5.0 Conjurations


You had 2 spell levels left.
You knew the following spells:

 Your Spells              Type           Power      Damage    Failure   Level
a - Magic Dart            Conj           100%       1d8       1%          1
b - Searing Ray           Conj           54%        2d6       2%          2
c - Dazzling Flash        Conj/Hex       30%        N/A       12%         3

Your spell library contained the following spells:

 Spells                   Type           Power      Damage    Failure   Level
 Fulminant Prism          Conj/Hex       7%         3d7       36%         4
 Iskenderun's Mystic Bla  Conj/Tloc      15%        2d5       36%         4


Dungeon Overview and Level Annotations

Branches:
Dungeon (3/15)

Shops:
D:1 *:


Innate Abilities, Weirdness & Mutations

Your attributes grow dramatically as you level up.
You have an increased reservoir of magic. (+10% MP)
You shall have no god before yourself.


Message History

The orc hits you with a +1 short sword of protection.
The orc wizard hits you with a +0 dagger.
Casting: Magic Dart (safe; 1% risk of failure)
Confirm with . or Enter, or press ? or * to list all spells.
Okay, then.
Casting: Magic Dart (safe; 1% risk of failure)
Confirm with . or Enter, or press ? or * to list all spells.
Okay, then.
Casting: Magic Dart (safe; 1% risk of failure)
Confirm with . or Enter, or press ? or * to list all spells.
Aiming: Magic Dart (safe; 1% risk of failure)
Press: ? - help, Shift-Dir - straight line, f/p - orc wizard
Aim: an orc wizard, wielding a +0 dagger and wearing a +0 robe (severely wounded, 100% to hit)
The magic dart hits the orc wizard but does no damage.
The orc wizard is severely wounded.
The orc barely misses you.
The orc wizard points at you and mumbles some strange words.
You are confused.
Unknown command.
You're too confused to move!
The orc closely misses you.
The orc wizard hits you with a +0 dagger.
You're too confused to move!
The orc misses you.
The orc wizard hits you with a +0 dagger.
You closely miss the orc wizard.
The orc wizard is severely wounded.
The orc hits you with a +1 short sword of protection.
* * * LOW HITPOINT WARNING * * *
The orc wizard gestures at you while chanting.
You are more confused.
The orc wizard points at you and mumbles some strange words.
You resist with some effort.
You bump into the rock wall.
The orc hits you with a +1 short sword of protection.
* * * LOW HITPOINT WARNING * * *
The orc wizard hits you with a +0 dagger.
* * * LOW HITPOINT WARNING * * *
You hit the orc wizard but do no damage.
The orc wizard is severely wounded.
The orc hits you with a +1 short sword of protection.
You die...

#....#[####.#
####.#..)...#
#.######## #.#
#.###############*
#................*
#######.......#*,***
#.......#*,,,*
#@o†....+,,,,*
#.o.....#*,,,*
#......(#*,,,*
#..)....#*,,,*
****###)#####*,,,*
*,,,,,..#*****,,,*
*,,,,,..#,,,,,****
*,,,,,..#,***,*******
*,,,,...#,,,,,,,,,,,*


You could see an orc wizard and an orc.

Vanquished Creatures
  An orc priest (D:3)
  3 adders
  A worm (D:2)
  A dart slug (D:2)
  5 orcs (D:3)
  5 ball pythons
  4 endoplasms
  4 goblins
  5 hobgoblins
  8 jackals
  6 quokkas
  6 bats
  7 frilled lizards
  5 kobolds
  10 rats
71 creatures vanquished.

Notes
Turn   | Place    | Note
-------+----------+-------------------------------------------
     0 | D:1      | ytrimaz the Demigod Conjurer began the quest for the Orb.
     0 | D:1      | Reached XP level 1. HP: 14/14 MP: 5/5
    20 | D:1      | Found Estoadupn's Assorted Antiques.
   293 | D:1      | Found Xiecytza's Book Boutique.
   349 | D:1      | Reached skill level 4 in Conjurations
   372 | D:1      | Reached XP level 2. HP: 9/20 MP: 1/7
   669 | D:1      | Learned a level 2 spell: Searing Ray
  1451 | D:1      | Bought a scroll labelled LUKALL HIN GEI for 19 gold pieces
  1451 | D:1      | Bought a scroll labelled SOEMARR NURUTZ for 19 gold pieces
  1451 | D:1      | Bought a scroll labelled OTWOUL CIDDUU for 19 gold pieces
  1676 | D:2      | Reached XP level 3. HP: 18/26 MP: 2/8
  1921 | D:2      | Learned a level 3 spell: Dazzling Flash
  2479 | D:2      | Reached XP level 4. HP: 33/33 MP: 5/10
  3242 | D:3      | Reached skill level 5 in Conjurations
  3254 | D:3      | Slain by an orc

Illustrated notes

Levels and vault maps discovered:
D:1:      dpeg_arrival_short_road, layout_basic,
          shapermc_ecumenical_altar_pompeii, serial_shops, shop,
          nicolae_square_shop
D:2:      layout_basic
D:3:      layout_basic

Skill      XL: |  1  2  3  4 |
---------------+-------------+-----
Conjurations   | 4 5 |  5.0
Spellcasting   | 2 |  2.8
Dodging        | 2 |  2.1
Stealth        | 2 |  2.0

Action                   |  1- 3 |  4- 6 || total
-------------------------+-------+-------++-------
Melee: Unarmed           |     5 |     2 ||     7
 Cast: Magic Dart        |    84 |    37 ||   121
       Searing Ray       |     4 |     1 ||     5
  Use: Scroll            |     4 |     2 ||     6
Armor: Robe              |    14 |     2 ||    16
Dodge: Dodged            |    86 |     5 ||    91

Table legend: (Time is in decaauts)
 A = Elapsed time spent in this place.
 B = Non-inter-level travel time spent in this place.
 C = Inter-level travel time spent in this place.
 D = Time resting spent in this place.
 E = Time spent auto-exploring this place.
 F = Levels seen in this place.
 G = Mean time per level.
                   A        B        C        D        E       F      G
               +--------+--------+--------+--------+--------+-----+--------+
         Total |   3253 |   3133 |    120 |    333 |   2357 |   3 | 1084.3 |
       Dungeon |   3253 |   3133 |    120 |    333 |   2357 |   3 | 1084.3 |
               +--------+--------+--------+--------+--------+-----+--------+

Top non-repeatable levels by time:
     D:1: 1698 daAuts
     D:2: 1020 daAuts
     D:3: 534 daAuts
